 Dungeon Crawl Stone Soup version 0.25-a0-420-g1cc7eeb0d1 (webtiles) character file.

Game seed: 4546256885075327242, levelgen mode: deterministic

101747 ReteAZ the Executioner (level 15, -14/135 HPs)
             Began as a Minotaur Gladiator on Jan 19, 2020.
             Was the Champion of Okawaru.
             Killed from afar by a storm dragon (29 damage)
             ... with a bolt of lightning
             ... on level 13 of the Dungeon.
             The game lasted 00:52:53 (25322 turns).

ReteAZ the Executioner (Minotaur Gladiator)        Turns: 25322, Time: 00:52:54

Health: -14/135    AC: 24    Str: 30    XL:     15   Next: 84%
Magic:  19/20      EV: 17    Int:  5    God:    Okawaru [******]
Gold:   621        SH:  0    Dex: 13    Spells: 14/14 levels left

rFire    + . .     SeeInvis .   U - +3 executioner's axe (vorpal)
rCold    + . .     Gourm    .   (shield currently unavailable)
rNeg     + . .     Faith    .   y - +3 chain mail {MR+}
rPois    .         Spirit   .   Y - +0 hat {MR+}
rElec    .         Reflect  .   F - +1 cloak
rCorr    .         Harm     .   G - +1 pair of gloves {Str+3}
MR       +++..                  Z - +0 pair of boots of Foos {Str+3}
Stlth    ..........             (no amulet)
HPRegen  0.32/turn              M - ring "Cesesm" {rC+ rN+ Slay+2}
MPRegen  0.17/turn              d - ring of protection from fire

@: heroism
A: retaliatory headbutt, horns 2
a: Heroism, Finesse, Renounce Religion


You were on level 13 of the Dungeon.
You worshipped Okawaru.
Okawaru was exalted by your worship.
You were not hungry.

You visited 4 branches of the dungeon, and saw 22 of its levels.
You also visited: Gauntlet.

You collected 2274 gold pieces.
You spent 1653 gold pieces at shops.

Inventory:

Hand Weapons
 P - a +2 scimitar of flaming
 S - a +5 war axe of freezing
 U - a +3 vorpal executioner's axe (weapon)
Missiles
 V - 26 silver javelins (quivered)
Armour
 g - the +1 cloak "Uruogreu" {*Corrode rF+ Str+4 Dex+4, unknown}
   (Okawaru gifted it to you on level 13 of the Dungeon)

   It affects your strength (+4).
   It affects your dexterity (+4).
   It protects you from fire.
   It may corrode you when you take damage.
 y - a +3 chain mail of magic resistance (worn)
 z - a +2 shield
 B - a +1 chain mail of fire resistance
 F - a +1 cloak (worn)
 G - a +1 pair of gloves of strength (worn)
 Y - a +0 hat of magic resistance (worn)
 Z - the +0 pair of boots of Foos (worn) {Str+3}
   (Okawaru gifted it to you in a Gauntlet)

   It affects your strength (+3).
Jewellery
 a - the ring "Xoecwigu" {+Fly Str+3 Int+4}
   (You found it in a Gauntlet)

   [ring of strength]

   It affects your strength (+3).
   It affects your intelligence (+4).
   It lets you fly.
 d - a ring of protection from fire (right hand)
 n - an uncursed ring of resist corrosion
 J - an uncursed ring of see invisible
 M - the ring "Cesesm" (left hand) {rC+ rN+ Slay+2}
   (You acquired it in a Gauntlet)

   [ring of slaying]

   It affects your accuracy and damage with ranged weapons and melee attacks
   (+2).
   It protects you from cold.
   It protects you from negative energy.
 T - an uncursed ring of protection from magic
Wands
 b - a wand of scattershot (4)
 c - a wand of polymorph (6)
 f - a wand of disintegration (44)
 u - a wand of acid (21)
 O - a wand of iceblast (26)
 Q - a wand of digging (7)
 R - a wand of flame (25)
 W - a wand of paralysis (2)
 X - a wand of clouds (8)
Scrolls
 e - 12 scrolls of remove curse
 h - 3 scrolls of enchant armour
 i - a scroll of brand weapon
 k - 5 scrolls of identify
 l - 4 scrolls of blinking
 m - 3 scrolls of fog
 o - 5 scrolls of teleportation
 p - 3 scrolls of magic mapping
 s - a scroll of summoning
 v - a scroll of fear
 A - 2 scrolls of enchant weapon
 H - 3 scrolls of amnesia
Potions
 q - 2 potions of might
 t - 2 potions of mutation
 w - 2 potions of ambrosia
 x - 4 potions of cancellation
 C - 2 potions of magic
 D - 5 potions of curing
 E - 7 potions of haste
 I - 5 potions of heal wounds
 N - 2 potions of berserk rage
Comestibles
 j - a chunk of flesh
 L - 26 rations


   Skills:
 - Level 13.1(18.1) Fighting
 * Level 24.2(27) Axes
 - Level 2.0(7.0) Throwing
 - Level 13.0(18.0) Armour
 - Level 9.2(14.2) Dodging
 - Level 4.0(9.0) Shields
 - Level 8.1 Invocations


You had 14 spell levels left.
You didn't know any spells.
Your spell library contained the following spells:

 Spells                   Type           Power        Failure   Level  Hunger
 Animate Skeleton         Necr           N/A          83%         1    ##.....
 Apportation              Tloc           #.....       83%         1    ##.....
 Corona                   Hex            #......      83%         1    ##.....
 Magic Dart               Conj           #...         83%         1    ##.....
 Pain                     Necr           #...         83%         1    ##.....
 Summon Small Mammal      Summ           #...         83%         1    ##.....
 Blink                    Tloc           N/A          92%         2    ###....
 Call Imp                 Summ           #.......     92%         2    ###....
 Searing Ray              Conj           #.....       92%         2    ###....
 Slow                     Hex            #.......     92%         2    ###....
 Conjure Flame            Conj/Fire      #.......     99%         3    ####...
 Dazzling Flash           Conj/Hex       #.....       99%         3    ####...
 Mephitic Cloud           Conj/Pois/Air  #.......     99%         3    ####...
 Vampiric Draining        Necr           #.........   99%         3    ####...
 Animate Dead             Necr           N/A          100%        4    #####..
 Fulminant Prism          Conj/Hex       #.........   100%        4    #####..
 Iskenderun's Mystic Bla  Conj/Tloc      #.......     100%        4    #####..
 Agony                    Necr           #.......     100%        5    ######.


Dungeon Overview and Level Annotations

Branches:
Dungeon (13/15)            Temple (1/1) D:7            Lair (6/6) D:9
 Shoals (0/4) Lair:3        Snake (0/4) Lair:3        Slime (0/5) Lair:5
    Orc (2/2) D:9             Elf (0/3) Orc:2        Vaults (0/5) D:13
Gauntlet (visited)

Altars:
Ashenzari
Cheibriados
Dithmenos
Elyvilon
Fedhas
Gozag
Hepliaklqana
Kikubaaqudgha
Makhleb
Nemelex Xobeh
Okawaru
Qazlal
Ru
Sif Muna
Trog
Uskayaw
Vehumet
Wu Jian
Xom
Yredelemnul
Zin
The Shining One

Shops:
D:8 :((   D:9 !   D:10 !   Orc:1 [   Orc:2 =[?[

Portals:
Hell: Lair:6

Annotations:
Lair:2 exclusion: oklob plant
Orc:1 3 runed translucent doors, Cohott's ghost, journeyman GnEE


Innate Abilities, Weirdness & Mutations

You reflexively headbutt those who attack you in melee.
You have a pair of horns on your head.


Message History

The fireball engulfs the fire giant!
The fire giant resists.
Unknown command.
You slice the fire giant!!
You kill the fire giant!
Okawaru is honoured by your kill.
Items here: )))) [[[[[ †
g - a crude cloak {god gift}
Items here: )))) [[[[ † You butcher the human corpse.
j - a chunk of flesh
Items here: )))) [[[[ ÷ There isn't anything to butcher here.
There isn't anything to butcher here.
There isn't anything to butcher here.
There isn't anything to butcher here.
A storm dragon comes into view.
An orc comes into view. It is wielding a +0 mace.
The storm dragon breathes lightning at you.
The bolt of lightning hits you!!
You die...

......<.##### .... #
#####...# ... #...# .. #.>.#
##D# #...# #†)# #..^# #)#
#...# #)# #...# #.#
#####...########@###########
##
............................
..
...................†..o.....
..
....##.#############..#####
## ###. #..# #..# ###.###.#
#..# #.......## #..#
..#####..# #..# .##...##(##
#..#


You could see a storm dragon and an orc.

Vanquished Creatures
  Jorgrun (Orc:2)
  Gastronok (Lair:3)
  A sphinx (D:13)
  A fire giant (D:13)
  An orc warlord (Orc:1)
  A minotaur (Gauntlet)
  A dire elephant (Lair:6)
  Snorg (Lair:6)
  3 ettins
  4 hydras
  8 vault guards (D:13)
  Erica (Lair:2)
  2 centaur warriors (D:12)
  17 two-headed ogres
  2 dancing weapons (D:13)
  3 death yaks (Lair:5)
  3 ogre magi
  Sonja (Lair:3)
  An orc high priest (Orc:1)
  An iron troll (Orc:2)
  Urug (Lair:3)
  Nergalle (Orc:1)
  A sixfirhy (Lair:6)
  3 wizards
  2 unseen horrors (D:12)
  A deep troll (Orc:2)
  A flayed ghost (D:13)
  9 deep elf magi (D:12)
  6 cyclopes
  2 orc sorcerers (Orc:2)
  An ugly thing (D:11)
  Maurice (D:8)
  3 black mambas
  7 elephants (Lair:5)
  A smoke demon (Lair:6)
  2 orange demons (Lair:6)
  6 centaur skeletons
  2 gargoyles
  9 spiny frogs
  5 rime drakes
  4 komodo dragons
  Maggie (Lair:2)
  3 kobold demonologists (D:11)
  A yaktaur (D:13)
  2 freezing wraiths (D:12)
  2 red devils (Lair:6)
  A polar bear (Lair:5)
  2 ice devils
  2 hornets
  4 merfolk (Lair:3)
  11 trolls
  3 blink frogs (Lair:6)
  3 slime creatures
  15 hippogriffs
  Sigmund (D:2)
  2 shadows (D:11)
  4 wraiths
  A spriggan (D:11)
  Grum (D:9)
  6 wyverns
  39 yaks
  A basilisk (Lair:2)
  Eustachio (D:5)
  4 vampire mosquitoes (D:12)
  A steam dragon (Lair:2)
  Menkaure (D:4)
  2 wargs
  A naga (Lair:3)
  Edmund (D:4)
  An acid dragon (D:13)
  5 hell hounds (Lair:6)
  2 soldier ants
  Duvessa (D:5)
  6 porcupines
  11 water moccasins
  16 orc warriors
  2 eyes of draining
  4 ice beasts
  4 sky beasts
  2 phantoms
  29 ogres
  53 wolves
  15 crocodiles
  8 centaurs
  4 big kobolds
  15 bullfrogs
  A gnoll sergeant (D:6)
  A wyvern zombie (D:10)
  Dowan (D:5)
  16 killer bees
  7 scorpions
  2 howler monkeys
  5 wights
  An electric eel (D:12)
  10 jellies
  6 crimson imps
  3 bullfrog zombies
  10 orc priests
  5 hounds
  Crazy Yiuf (D:5)
  Jessica (D:2)
  6 bullfrog skeletons
  Ijyb (D:4)
  3 iguanas
  20 orc wizards
  10 hell rats
  9 worker ants
  A hound skeleton (D:6)
  Robin (D:2)
  8 gnolls
  18 adders
  4 shadow imps
  8 white imps (Gauntlet)
  4 oozes
  An adder zombie (D:5)
  2 adder skeletons (D:8)
  2 worms
  3 dart slugs
  4 leopard geckos
  82 orcs
  4 bats
  2 giant cockroaches
  19 goblins
  11 hobgoblins
  11 jackals
  19 kobolds
  5 quokkas
  3 ball pythons
  5 frilled lizards
  A jackal skeleton (D:7)
  A leopard gecko zombie (D:6)
  2 rats
  9 fungi
  3 plants
768 creatures vanquished.

Vanquished Creatures (others)
  A hippogriff (Lair:5)
  A yak (Lair:5)
  2 orcs
  11 demonic plants (Gauntlet)
  19 fungi
  9 plants
43 creatures vanquished.

Grand Total: 811 creatures vanquished

Notes
Turn   | Place    | Note
-------+----------+-------------------------------------------
     0 | D:1      | ReteAZ the Minotaur Gladiator began the quest for the Orb.
     0 | D:1      | Reached XP level 1. HP: 18/18 MP: 0/0
    66 | D:1      | Reached skill level 4 in Axes
   288 | D:1      | Reached XP level 2. HP: 21/25 MP: 1/1
   690 | D:1      | Reached skill level 5 in Axes
   843 | D:2      | Noticed Jessica
   850 | D:2      | Killed Jessica
   850 | D:2      | Reached XP level 3. HP: 28/30 MP: 2/2
   873 | D:2      | Noticed Robin
   910 | D:2      | Reached XP level 4. HP: 19/37 MP: 3/3
   911 | D:2      | Reached skill level 6 in Axes
  1444 | D:2      | Killed Robin
  1509 | D:2      | Noticed Sigmund
  1562 | D:2      | Killed Sigmund
  1562 | D:2      | Reached skill level 8 in Axes
  1562 | D:2      | Reached XP level 5. HP: 9/42 MP: 1/4
  2208 | D:3      | Reached XP level 6. HP: 31/50 MP: 3/5
  2628 | D:3      | Found an ornate altar of the Wu Jian Council.
  3080 | D:3      | Reached skill level 9 in Axes
  3378 | D:3      | You fall into a shaft and drop 1 floor!
  3461 | D:4      | Noticed Menkaure
  3880 | D:4      | Reached XP level 7. HP: 52/56 MP: 6/6
  3888 | D:4      | Reached skill level 10 in Axes
  4104 | D:4      | Noticed Ijyb
  4120 | D:4      | Killed Ijyb
  4238 | D:4      | Killed Menkaure
  4243 | D:4      | Noticed Edmund
  4249 | D:4      | Killed Edmund
  4249 | D:4      | Reached skill level 11 in Axes
  4508 | D:5      | Entered Level 5 of the Dungeon
  4573 | D:5      | Noticed Duvessa
  4574 | D:5      | Noticed Dowan
  4590 | D:5      | Killed Duvessa
  4590 | D:5      | Reached skill level 1 in Armour
  4590 | D:5      | Reached skill level 1 in Shields
  4590 | D:5      | Reached XP level 8. HP: 62/62 MP: 7/7
  4628 | D:5      | Killed Dowan
  4811 | D:5      | Noticed Eustachio
  4826 | D:5      | Killed Eustachio
  5200 | D:5      | Found a runed translucent door.
  5201 | D:5      | Noticed Crazy Yiuf
  5208 | D:5      | Killed Crazy Yiuf
  5537 | D:6      | Reached skill level 5 in Fighting
  5542 | D:6      | Reached skill level 12 in Axes
  5542 | D:6      | Reached XP level 9. HP: 74/74 MP: 8/8
  6103 | D:7      | Found a staircase to the Ecumenical Temple.
  6152 | Temple   | Entered the Ecumenical Temple
  6393 | Temple   | Became a worshipper of Warmaster Okawaru
  6573 | D:7      | Reached skill level 5 in Armour
  6776 | D:7      | Reached * piety under Okawaru
  6999 | D:7      | Found a shattered altar of Ashenzari.
  7201 | D:8      | Noticed Maurice
  7219 | D:8      | Killed Maurice
  7225 | D:8      | Found Niusuan's Book Emporium.
  7342 | D:8      | Reached ** piety under Okawaru
  7342 | D:8      | Reached skill level 13 in Axes
  7372 | D:8      | Reached XP level 10. HP: 88/88 MP: 9/9
  7420 | D:8      | Found Dohieda's Weapon Shoppe.
  7646 | D:8      | Found Cerhir's Weapon Shoppe.
  7731 | D:8      | Found a white marble altar of Elyvilon.
  7894 | D:9      | Found a staircase to the Lair.
  7926 | D:9      | Noticed Grum
  7940 | D:9      | Killed Grum
  7960 | D:9      | Found a stormy altar of Qazlal.
  8286 | D:9      | Reached *** piety under Okawaru
  8293 | D:9      | Found Gobusuta's Distillery.
  8296 | D:9      | Bought a potion of heal wounds for 70 gold pieces
  8387 | D:9      | Found a staircase to the Orcish Mines.
  8747 | D:9      | Noticed a two-headed ogre
  8757 | D:9      | Killed a two-headed ogre
  8913 | D:10     | Entered Level 10 of the Dungeon
  9054 | D:10     | Reached skill level 14 in Axes
  9081 | D:10     | Reached **** piety under Okawaru
  9139 | D:10     | Found Losh's Distillery.
  9142 | D:10     | Bought a potion of curing for 39 gold pieces
  9169 | D:10     | Received a gift from Okawaru
  9222 | D:10     | Reached skill level 1 in Invocations
  9786 | D:11     | Noticed a two-headed ogre
  9794 | D:10     | Reached skill level 10 in Fighting
  9794 | D:10     | Reached XP level 11. HP: 96/99 MP: 9/11
  9833 | D:11     | Noticed an ogre mage
  9833 | D:11     | Noticed a two-headed ogre
  9833 | D:11     | Noticed a two-headed ogre
  9833 | D:11     | Noticed a two-headed ogre
  9833 | D:11     | Noticed a two-headed ogre
  9833 | D:11     | Noticed a two-headed ogre
  9833 | D:11     | Noticed a two-headed ogre
  9840 | D:10     | Killed a two-headed ogre
  9840 | D:10     | Killed a two-headed ogre
  9992 | Lair:1   | Entered Level 1 of the Lair of Beasts
 10420 | Lair:1   | Reached skill level 15 in Axes
 10439 | Lair:1   | Reached ***** piety under Okawaru
 10439 | Lair:1   | Reached skill level 5 in Invocations
 10873 | Lair:2   | Noticed an oklob plant
 10885 | Lair:2   | Noticed Maggie
 10896 | Lair:2   | Killed Maggie
 11156 | Lair:2   | Received a gift from Okawaru
 11519 | Lair:2   | Noticed Erica
 11534 | Lair:2   | Killed Erica
 12148 | Lair:3   | Noticed Gastronok
 12181 | Lair:3   | Killed Gastronok
 12181 | Lair:3   | Reached skill level 16 in Axes
 12181 | Lair:3   | Reached XP level 12. HP: 82/106 MP: 16/16
 12387 | Lair:3   | Found a staircase to the Snake Pit.
 12414 | Lair:3   | Noticed Sonja
 12460 | Lair:3   | Killed Sonja
 12471 | Lair:3   | Noticed Urug
 12954 | Lair:3   | Killed Urug
 12954 | Lair:3   | Reached ****** piety under Okawaru
 12954 | Lair:3   | Received a gift from Okawaru
 13172 | Lair:3   | Found a staircase to the Shoals.
 13419 | Lair:4   | Found a gate leading to a gauntlet.
 13467 | Gauntlet | Entered a Gauntlet
 13467 | Gauntlet | Found a transporter.
 13624 | Gauntlet | Found a transporter.
 13626 | Gauntlet | Found a transporter.
 13635 | Gauntlet | Found a transporter.
 13649 | Gauntlet | Found a transporter.
 13654 | Gauntlet | Found a transporter.
 13669 | Gauntlet | Found a transporter.
 13688 | Gauntlet | Found a transporter.
 13702 | Gauntlet | Found a transporter.
 13713 | Gauntlet | Noticed a green death
 13714 | Gauntlet | Found a transporter.
 13726 | Gauntlet | Found a transporter.
 13729 | Gauntlet | Noticed a death yak
 13730 | Gauntlet | Noticed a death yak
 13731 | Gauntlet | Noticed a death yak
 13736 | Gauntlet | Noticed a death yak
 13738 | Gauntlet | Found a transporter.
 13755 | Gauntlet | Found a transporter.
 13773 | Gauntlet | Found a transporter.
 13775 | Gauntlet | Found a transporter.
 13776 | Gauntlet | Found the +5 scythe "Finisher" {speed, eviscerate}
 13815 | Gauntlet | Found a transporter.
 13817 | Gauntlet | Found a transporter.
 13843 | Gauntlet | Found a transporter.
 13935 | Gauntlet | Reached skill level 10 in Armour
 14144 | Gauntlet | Received a gift from Okawaru
 14144 | Gauntlet | Reached skill level 5 in Dodging
 14150 | Gauntlet | Got a pair of faintly glowing boots {god gift}
 14167 | Gauntlet | Identified the +0 pair of boots of Foos {Str+3} (Okawaru
                  | gifted it to you in a Gauntlet)
 14175 | Gauntlet | Got a pitted granite ring
 14177 | Gauntlet | Identified the ring "Xoecwigu" {+Fly Str+3 Int+4} (You
                  | found it in a Gauntlet)
 14298 | Gauntlet | Noticed a minotaur
 14308 | Gauntlet | Killed a minotaur
 14591 | Gauntlet | Identified a scroll of acquirement
 14591 | Gauntlet | Identified the ring "Cesesm" {rC+ rN+ Slay+2} (You acquired
                  | it in a Gauntlet)
 14686 | Lair:4   | Noticed a five-headed hydra
 14695 | Lair:4   | Killed a two-headed hydra
 16042 | Lair:5   | Found a staircase to the Slime Pits.
 16070 | Lair:5   | Reached XP level 13. HP: 95/116 MP: 18/18
 16131 | Lair:5   | Reached skill level 17 in Axes
 16784 | Lair:6   | Entered Level 6 of the Lair of Beasts
 16987 | Lair:6   | Received a gift from Okawaru
 17697 | Lair:6   | Noticed Snorg
 17703 | Lair:6   | Killed Snorg
 17751 | Lair:6   | Noticed a dire elephant
 17758 | Lair:6   | Killed a dire elephant
 17801 | Lair:6   | Found a burning altar of Makhleb.
 17812 | Lair:6   | Reached XP level 14. HP: 87/127 MP: 11/19
 18182 | Lair:6   | Found a gateway to Hell.
 18521 | Orc:1    | Entered Level 1 of the Orcish Mines
 18560 | Orc:1    | Found a runed translucent gate.
 18561 | Orc:1    | Found a runed translucent gate.
 18562 | Orc:1    | Found a runed translucent gate.
 18563 | Orc:1    | Noticed Cohott's ghost (journeyman GnEE)
 18659 | Orc:1    | Noticed Nergalle
 18670 | Orc:1    | Killed Nergalle
 18670 | Orc:1    | Received a gift from Okawaru
 18980 | Orc:1    | Reached skill level 18 in Axes
 19339 | Orc:1    | Found Vamunan's Antique Armour Shoppe.
 19727 | D:8      | Bought a manual of Axes for 1214 gold pieces
 19841 | Orc:2    | Entered Level 2 of the Orcish Mines
 19857 | Orc:2    | Noticed an orc warlord
 19865 | Orc:2    | Paralysed by an orc sorcerer for 3 turns
 19895 | Orc:1    | Killed an orc warlord
 19895 | Orc:1    | Received a gift from Okawaru
 20446 | Orc:2    | Found a staircase to the Elven Halls.
 20545 | Orc:2    | Received a gift from Okawaru
 20566 | Orc:2    | Found Kimuse's Magic Scroll Emporium.
 20571 | Orc:2    | Reached skill level 19 in Axes
 20902 | Orc:2    | Reached skill level 20 in Axes
 21293 | Orc:2    | Reached skill level 21 in Axes
 21553 | Orc:2    | Found Rojiu's Jewellery Emporium.
 21555 | Orc:2    | Found Wol Cugoru's Antique Armour Boutique.
 21568 | Orc:2    | Found Efiefa Kowymp's Antique Armour Shoppe.
 21599 | Orc:2    | Bought a scroll of brand weapon for 240 gold pieces
 21599 | Orc:2    | Bought a scroll of blinking for 90 gold pieces
 21634 | Orc:2    | Noticed Jorgrun
 21646 | Orc:2    | Killed Jorgrun
 22206 | D:11     | Received a gift from Okawaru
 22325 | D:11     | Reached skill level 22 in Axes
 22329 | D:11     | Reached XP level 15. HP: 55/135 MP: 20/20
 23402 | D:12     | Identified the +5 long sword of Guile {drain, rPois}
 23805 | D:12     | Reached skill level 23 in Axes
 24669 | D:13     | Received a gift from Okawaru
 24972 | D:13     | Received a gift from Okawaru
 25023 | D:13     | Found a gate to the Vaults.
 25277 | D:13     | Noticed a fire giant
 25289 | D:13     | Reached skill level 24 in Axes
 25290 | D:13     | Noticed a sphinx
 25310 | D:13     | Killed a sphinx
 25310 | D:13     | Received a gift from Okawaru
 25314 | D:13     | Killed a fire giant
 25316 | D:13     | Got a crude cloak {god gift}
 25321 | D:13     | Noticed a storm dragon
 25322 | D:13     | Killed from afar by a storm dragon

Levels and vault maps discovered:
D:1:      dpeg_arrival_concentric_ovals, layout_basic
D:2:      layout_rooms, first_ration, uniq_jessica, uniq_robin, uniq_sigmund
D:3:      layout_basic, overflow_temple_1_default
D:4:      layout_basic, uniq_menkaure, uniq_ijyb, uniq_edmund
D:5:      layout_rooms, uniq_eustachio, uniq_crazy_yiuf_cottage, uniq_duvessa
D:6:      layout_loops_ring
D:7:      layout_gridville, nicolae_ashenzari_panopticon,
          minmay_temple_entry_slanted, grunt_tough_drop
D:8:      layout_loops_ring, kennysheep_mini, serial_shops,
          nicolae_shop_waterfront, shop, nicolae_shop_behind_doors, uniq_maurice
D:9:      layout_basic, lemuel_round_altar, lair_entry_dummy, hiddenorc2_lemuel,
          serial_shops, nicolae_shop_behind_doors, uniq_grum
D:10:     layout_basic, serial_shops, nicolae_shop_window_shopping
D:11:     layout_stronghold, the_bakery
D:12:     minmay_the_grid_square_5x5_3x3 [minmay_the_grid_square_5x5_bite,
          minmay_the_grid_square_5x5_z,
          minmay_the_grid_square_5x5_checkered_statues,
          minmay_the_grid_square_5x5_two,
          minmay_the_grid_square_5x5_megaprize_open,
          minmay_the_grid_square_5x5_tetrominoes,
          minmay_the_grid_square_5x5_hollow_slash,
          minmay_the_grid_square_5x5_slash, minmay_the_grid_square_5x5_inner_z],
          layout_long_grid, elves_outpost_lemuel
D:13:     minmay_guarded_unrand_sword_of_power, layout_long_grid, erik_vaults_1,
          minmay_checkerbox
Temple:   hc_temple_tempest_star
Lair:1:   beast_lair_carwin_large_2, layout_gridlike, patterned_corridor,
          grunt_megastairs_4
Lair:2:   minmay_lair_venomous_thicket, layout_long_grid, minivault_27,
          minmay_lair_oklob_chamber, lemuel_fruit_tree, uniq_erica, uniq_maggie
Lair:3:   layout_gridlike, elwin_shoals_entry_stream,
          guppyfry_snake_entry_garden, uniq_gastronok, uniq_sonja, uniq_urug
Lair:4:   layout_regular_city, gauntlet_entry_generic
Lair:5:   layout_roguey, nicolae_slime_entry_slimehenge, beast_lair_carwin_8
Lair:6:   evil_forest, layout_gridlike, grunt_forest_large_clearings, uniq_snorg
Orc:1:    layout_caves, serial_shops, nicolae_shop_trees,
          gammafunk_ghost_necromancy, uniq_nergalle
Orc:2:    st_orc_open, layout_caves, uniq_jorgrun

Skill      XL: |  1  2  3  4  5  6  7  8  9 10 11 12 13 14 15 |
---------------+----------------------------------------------+-----
Axes           | 4 5 8 9 11 12 13 14 16 17 22 24 | 24.2
Armour         | 1 4 7 9 10 12 13 | 13.0
Shields        | 1 4 |  4.0
Fighting       | 5 7 10 11 12 13 | 13.1
Invocations    | 1 7 8 |  8.1
Dodging        | 6 8 9 |  9.2
Throwing       | |  2.0

Action                   |  1- 3 |  4- 6 |  7- 9 | 10-12 | 13-15 || total
-------------------------+-------+-------+-------+-------+-------++-------
Melee: War axe           |    63 |   121 |   201 |       |       ||   385
       Headbutt          |     8 |    13 |    73 |   126 |   192 ||   412
       Hand axe          |       |       |   119 |   447 |       ||   566
       Executioner's axe |       |       |       |   117 |   733 ||   850
       Scimitar          |       |       |       |     5 |     8 ||    13
Throw: Throwing net      |       |     3 |     4 |     1 |       ||     8
       Javelin           |       |       |       |       |    23 ||    23
Invok: Heroism           |       |       |       |     7 |     8 ||    15
       Finesse           |       |       |       |     2 |     3 ||     5
Evoke: Wand              |       |       |       |    10 |     8 ||    18
  Use: Potion            |       |     3 |     2 |     1 |       ||     6
       Scroll            |       |       |    11 |    12 |    12 ||    35
 Stab: Held in net/web   |       |       |     2 |       |       ||     2
  Eat: Chunk             |       |     9 |    12 |    21 |    30 ||    72
       Ration            |       |       |       |     2 |       ||     2
Armor: Leather armour    |    15 |     8 |       |       |       ||    23
       Scale mail        |       |     8 |       |       |       ||     8
       Chain mail        |       |       |   137 |   229 |   406 ||   772
Dodge: Dodged            |    40 |    68 |    64 |   151 |   500 ||   823
Block: Buckler           |     3 |    17 |       |       |       ||    20
       Shield            |       |       |   123 |   163 |       ||   286
       Rpst.: Scimitar   |       |       |       |       |     3 ||     3

Table legend:
 A = Non-vault XP
 B = Vault XP
 C = Vault XP percentage of total XP
 D = Non-vault monster count
 E = Vault monster count
 F = Vault count percentage of total count
                 A         B        C        D         E       F
            +---------+---------+-------+---------+---------+-------
      Total |   67670 |   77684 |  53.4 |     486 |     270 |  35.7
            +---------+---------+-------+---------+---------+-------
        D:1 |      39 |       2 |   4.9 |      20 |       1 |   4.8
        D:2 |      39 |     290 |  88.1 |      15 |      13 |  46.4
        D:3 |     193 |       0 |   0.0 |      18 |       0 |   0.0
        D:4 |     416 |     363 |  46.6 |      16 |       3 |  15.8
        D:5 |     557 |     456 |  45.0 |      16 |       4 |  20.0
        D:6 |     626 |       0 |   0.0 |      20 |       0 |   0.0
        D:7 |     884 |     358 |  28.8 |      13 |       4 |  23.5
        D:8 |    1539 |     496 |  24.4 |      23 |       1 |   4.2
        D:9 |    1881 |     717 |  27.6 |      19 |      35 |  64.8
       D:10 |    4060 |       0 |   0.0 |      42 |       0 |   0.0
       D:11 |   11862 |     205 |   1.7 |      38 |       1 |   2.6
       D:12 |    6620 |   10227 |  60.7 |      45 |      27 |  37.5
       D:13 |    4226 |   15280 |  78.3 |      39 |      17 |  30.4
     Lair:1 |    1854 |    1348 |  42.1 |      11 |       9 |  45.0
     Lair:2 |    1445 |    2832 |  66.2 |       8 |      11 |  57.9
     Lair:3 |    1023 |    5220 |  83.6 |       5 |       8 |  61.5
     Lair:4 |    4031 |       0 |   0.0 |      18 |       0 |   0.0
     Lair:5 |    8089 |    2465 |  23.4 |      24 |      16 |  40.0
     Lair:6 |    8108 |   14546 |  64.2 |      40 |      65 |  61.9
      Orc:1 |    5927 |     789 |  11.7 |      29 |       1 |   3.3
      Orc:2 |    3715 |   18856 |  83.5 |      25 |      38 |  60.3
   Gauntlet |     536 |    3234 |  85.8 |       2 |      16 |  88.9
            +---------+---------+-------+---------+---------+-------
